cohdb
Replays
Latest Replays
All Replays
Popular Replays
Top Player Replays
Match Explorer
How It Works
Community
CoH3 Stats
Reddit
Sign in to upload your games and track your stats! →
Sign in with Steam
Match 40744218
Unlisted
Match 40744218
Overview
Messages
Build Orders
End
Kradschützen Motorcycle Team
Panzergrenadier Squad
Panzergrenadier Squad
Construct Light Support Kompanie
MG34 Team
Panzerjäger Squad
Assault Mechanized Group
Construct Mechanized Kompanie
8 Rad Armored Car
Panzerjäger Squad
Selects Panzerjäger Kommand Battlegroup
Selects Mine Fields
Selects Tank Busters
2.5-tonne Medical Truck
REGULATOR
J_Shizlet
0
0
Comments
sign in to comment!
No comments posted yet!